 Dungeon Crawl Stone Soup version 0.20-a0-201-g851c6fa (webtiles) character file.

144 patrickswayze the Sneak (level 5, -1/31 HPs)
             Began as a Deep Elf Chaos Knight on Nov 25, 2016.
             Slain by a leopard gecko (2 damage)
             ... on level 3 of the Dungeon.
             The game lasted 00:02:45 (1662 turns).

patrickswayze the Sneak (Deep Elf Chaos Knight)     Turns: 1662, Time: 00:02:46

Health: -1/31      AC:  5    Str: 14    XL:     5   Next: 5%
Magic:  7/7        EV: 12    Int: 17    God:    Xom [.*....]
Gold:   165        SH:  0    Dex: 15    Spells: 4/4 levels left

rFire  . . .     SeeInvis .     a - +0 short sword (chaos)
rCold  . . .     Gourm    .     b - +2 leather armour
rNeg   . . .     Faith    .     (no shield)
rPois  .         Spirit   .     (no helmet)
rElec  .         Reflect  .     (no cloak)
rCorr  .         Harm     .     (no gloves)
MR     .....                    (no boots)
Stlth  +++.......               (no amulet)
                                (no ring)
                                (no ring)

@: mighty, flying
A: no striking features
a: Renounce Religion


You were on level 3 of the Dungeon.
You worshipped Xom.
You were a plaything of Xom.
You were not hungry.

You visited 1 branch of the dungeon, and saw 3 of its levels.

You collected 165 gold pieces.


   Skills:
 - Level 2.4 Fighting
 - Level 3.0 Short Blades
 - Level 0.7 Armour
 - Level 2.4 Dodging
 + Level 6.3 Stealth


You had 4 spell levels left.
You didn't know any spells.

Inventory:

Hand Weapons
 a - a +0 short sword of chaos (weapon)
 f - a +0 blowgun
Missiles
 n - 11 poisoned needles
Armour
 b - a +2 leather armour (worn)
Wands
 l - a wand of confusion (17/48)
Scrolls
 e - a scroll of blinking {unknown}
 g - a scroll of enchant weapon {unknown}
 i - 5 scrolls of teleportation
 j - a scroll of remove curse
Potions
 q - a potion of brilliance {unknown}
Books
 m - a book of Minor Magic

   Spells                             Type                      Level
   a - Magic Dart                     Conjuration                  1
   b - Blink                          Translocation                2
   c - Call Imp                       Summoning                    2
   d - Repel Missiles                 Charms/Air                   2
   e - Slow                           Hexes                        2
   f - Conjure Flame                  Conjuration/Fire             3
   g - Mephitic Cloud                 Conjuration/Poison/Air       3
Comestibles
 c - 5 bread rations
 d - a chunk of flesh
 h - 4 fruits
 o - a slice of pizza


Message History

You barely miss something. Something bites you.
You miss something. Something bites you.
You hit something. You freeze something. Something bites you.
* * * LOW HITPOINT WARNING * * *
You miss something. Something bites you but does no damage.
You barely miss something. Something bites you but does no damage.
It was a potion of flight.
You feel very buoyant.
You fly up into the air.
Something barely misses you. Something barely misses you. Something bites you.
* * * LOW HITPOINT WARNING * * *
Something bites you but does no damage. Something bites you.
* * * LOW HITPOINT WARNING * * *
It was a potion of might.
You feel very mighty all of a sudden. Something bites you but does no damage.
You miss something. Something bites you.
You die...

###### #.. #....# #.. #....# #..
################### #....# ###..
#..........##.....###....# #....
.#.............(@.......[.# #....
......(.....##.#)#.###....###.#..
............##.#.).###...........
............................>####
.....##...####.#.#........##.....
...............#.#..##....##...##
.......#..####.#....####.......#
..........# #.###..# #......##
..........## #..# #...####


There were no monsters in sight!

Vanquished Creatures
  A swamp drake (D:3)
  A worm (D:2)
  A dart slug (D:2)
  A leopard gecko (D:3)
  An orc (D:3)
  A ball python (D:2)
  2 giant cockroaches
  2 goblins (D:2)
  4 hobgoblins
  2 jackals (D:1)
  11 kobolds
  3 bats
  2 frilled lizards
  2 rats (D:2)
34 creatures vanquished.

Notes
Turn   | Place    | Note
-------+----------+-------------------------------------------
     0 | D:1      | patrickswayze the Deep Elf Chaos Knight began the quest for the Orb.
     0 | D:1      | Reached XP level 1. HP: 13/13 MP: 3/3
    63 | D:1      | Reached skill level 1 in Stealth
   135 | D:1      | XOM: harmless Fire miscast
   250 | D:1      | Reached skill level 2 in Stealth
   251 | D:1      | Reached XP level 2. HP: 16/18 MP: 4/4
   341 | D:1      | XOM: harmless Pois miscast
   365 | D:1      | XOM: divination: detect creatures
   830 | D:2      | Reached skill level 3 in Stealth
   991 | D:2      | XOM: confusion
   998 | D:2      | XOM: silly message
  1107 | D:2      | Reached XP level 3. HP: 22/22 MP: 5/5
  1202 | D:3      | Found a sparkling altar of Nemelex Xobeh.
  1339 | D:3      | Found a white marble altar of Elyvilon.
  1409 | D:3      | Noticed Ijyb
  1412 | D:3      | Noticed Ijyb
  1412 | D:3      | Ijyb changed into Ijyb the swamp drake
  1412 | D:3      | XOM: polymorph Ijyb -> Ijyb the swamp drake
  1413 | D:3      | XOM: butterfly on damage
  1416 | D:3      | XOM: confusion
  1419 | D:3      | XOM: butterfly on damage
  1421 | D:3      | HP: 3/22 [Ijyb the swamp drake (13)]
  1431 | D:3      | XOM: harmless Tmut miscast
  1436 | D:3      | Killed Ijyb the swamp drake
  1436 | D:3      | Reached skill level 6 in Stealth
  1436 | D:3      | Reached XP level 4. HP: 27/27 MP: 6/6
  1436 | D:3      | Reached XP level 5. HP: 31/31 MP: 7/7
  1641 | D:3      | HP: 6/31 [something (2)]
  1649 | D:3      | HP: 5/31 [something (2)]
  1658 | D:3      | HP: 1/31 [something (5)]
  1662 | D:3      | Slain by a leopard gecko

Vault maps used:
D:1:      minmay_arrival_statue_studded, grunt_decor_one_mirror
D:2:      first_bread
D:3:      elyvilon_altar_4, mrwooster_statue_mirror,
          nemelex_lonely_heart_becter, uniq_iyjb

Action                   |  1- 3 |  4- 6 || total
-------------------------+-------+-------++-------
Melee: Short sword       |    86 |    25 ||   111
  Use: Potion            |     4 |     2 ||     6
       Scroll            |     4 |       ||     4
 Stab: Sleeping          |     6 |       ||     6
       Petrifying        |     1 |       ||     1
  Eat: Chunk             |     2 |       ||     2
Armor: Leather armour    |    11 |     7 ||    18
       Skin              |    14 |       ||    14
Dodge: Dodged            |    53 |    11 ||    64
